[Event "K21"]
[Site "?"]
[Date "2025.08.05"]
[Round "4"]
[White "Langmaier, Michal"]
[Black "Smisek, Robin"]
[Result "1/2-1/2"]
[ECO "D20"]
[WhiteElo "1853"]
[BlackElo "1823"]
[Annotator ",martin-koller@seznam"]
[PlyCount "36"]
[TimeControl "240+2"]

{600MB, Fritz10.ctg} 1. d4 d5 2. c4 dxc4 3. e4 c5 4. d5 Nf6 5. Nc3 b5 6. e5 b4
7. exf6 bxc3 8. bxc3 exf6 9. Bxc4 Bd6 10. Nf3 O-O 11. O-O Bf5 12. Bd3 Bxd3 13.
Qxd3 Nd7 14. c4 Ne5 15. Nxe5 Bxe5 16. Rb1 Qa5 17. a3 Rab8 18. Be3 Bd6 1/2-1/2

[Event "K21"]
[Site "?"]
[Date "2025.08.05"]
[Round "4"]
[White "Nelson, Wayne"]
[Black "Pavlicek, Petr"]
[Result "0-1"]
[ECO "D02"]
[WhiteElo "1872"]
[BlackElo "1916"]
[Annotator ",martin-koller@seznam"]
[PlyCount "90"]
[TimeControl "240+2"]

{600MB, Fritz10.ctg} 1. d4 d5 2. Bf4 Nf6 3. e3 e6 4. Nf3 c5 5. c3 Nc6 6. Bd3
Bd6 7. Bg3 O-O 8. Nbd2 cxd4 9. exd4 b6 10. Ne5 Qc7 11. Qe2 Ne8 12. Ndf3 f6 13.
Nxc6 Qxc6 14. O-O Bxg3 15. hxg3 Nd6 16. Qc2 f5 17. Ne5 Qe8 18. Qe2 Bd7 19. f3
Bb5 20. Rae1 Rf6 21. Kf2 Ne4+ 22. fxe4 fxe4+ 23. Ke3 exd3 24. Nxd3 Rxf1 25.
Qxf1 Qg6 26. Nf4 Qe4+ 27. Kf2 Bxf1 28. Rxe4 dxe4 29. Kxf1 e5 30. dxe5 Re8 31.
Ke2 Rxe5 32. Ke3 Kf7 33. c4 Kf6 34. b4 Kf5 35. Ne2 Kg4 36. Kd4 Re8 37. c5 bxc5+
38. bxc5 Kf5 39. Kd5 Rd8+ 40. Kc6 Rd2 41. Nf4 e3 42. Kb7 e2 43. Nxe2 Rxe2 44.
c6 Rb2+ 45. Kxa7 Rxa2+ 0-1

[Event "K21"]
[Site "?"]
[Date "2025.08.05"]
[Round "4"]
[White "Hartmann, Jorg"]
[Black "Kostialik, Juraj"]
[Result "0-1"]
[ECO "C02"]
[WhiteElo "1935"]
[BlackElo "1618"]
[Annotator ",martin-koller@seznam"]
[PlyCount "84"]
[TimeControl "240+2"]

{600MB, Fritz10.ctg} 1. e4 c6 2. d4 d5 3. f3 e6 4. e5 c5 5. f4 cxd4 6. Bb5+ Bd7
7. Bxd7+ Nxd7 8. Nf3 Bb4+ 9. Nbd2 Qb6 10. a3 Bxd2+ 11. Qxd2 Ne7 12. Qxd4 Nc6
13. Qxb6 Nxb6 14. b3 O-O 15. Be3 Nd7 16. Nd4 Nxd4 17. Bxd4 b6 18. b4 Rfc8 19.
Kd2 Rc7 20. c3 Rb8 21. g4 Re8 22. Rae1 f6 23. Re3 Kf7 24. Rhe1 Rc4 25. f5 fxe5
26. Bxe5 exf5 27. gxf5 Nxe5 28. Rxe5 Rxe5 29. Rxe5 d4 30. cxd4 Rxd4+ 31. Kc3
Rh4 32. Rd5 Kf6 33. Rd7 Rh3+ 34. Kb2 Rxh2+ 35. Kb3 h5 36. Rxa7 h4 37. Rb7 h3
38. Rxb6+ Kxf5 39. Rb5+ Kg6 40. Rb6+ Kh7 41. Rb5 g6 42. Rg5 Rg2 0-1

[Event "K21"]
[Site "?"]
[Date "2025.08.05"]
[Round "4"]
[White "Gunther, Arthur"]
[Black "Plesnivy, Martin"]
[Result "1-0"]
[ECO "D05"]
[WhiteElo "1832"]
[BlackElo "1801"]
[Annotator ",martin-koller@seznam"]
[PlyCount "87"]
[TimeControl "240+2"]

{600MB, Fritz10.ctg} 1. d4 d5 2. Nf3 e6 3. e3 c5 4. b3 Nc6 5. Bd3 Bd6 6. O-O
Nf6 7. Bb2 cxd4 8. exd4 O-O 9. Nbd2 Qc7 10. a3 e5 11. dxe5 Nxe5 12. Bxe5 Bxe5
13. Nxe5 Qxe5 14. Nf3 Qh5 15. h3 Be6 16. Re1 Nd7 17. Nd4 Qxd1 18. Raxd1 Nc5 19.
Bf5 Rfe8 20. b4 Bxf5 21. Nxf5 Rxe1+ 22. Rxe1 Ne6 23. Ne7+ Kf8 24. Nxd5 Rc8 25.
c3 Rd8 26. Rd1 Nf4 27. Ne3 Rxd1+ 28. Nxd1 b5 29. Kf1 Nd5 30. Ke2 Nb6 31. Nb2
Nd5 32. Nd1 Nb6 33. Kd3 Nc4 34. a4 Ne5+ 35. Ke4 bxa4 36. Kxe5 a3 37. Ne3 a2 38.
Nc2 Ke7 39. c4 Kd7 40. Kd4 Kc6 41. Kc3 Kd6 42. Kb2 Ke5 43. Kxa2 Ke4 44. Kb3 1-0

[Event "M21"]
[Site "?"]
[Date "2025.08.05"]
[Round "5"]
[White "Gunther, Andreas"]
[Black "Thomasson, Staffan"]
[Result "1-0"]
[ECO "A01"]
[WhiteElo "2087"]
[BlackElo "1877"]
[Annotator ",martin-koller@seznam"]
[PlyCount "53"]
[TimeControl "240+2"]

{600MB, Fritz10.ctg} 1. b3 e5 2. Bb2 Nc6 3. e3 a6 4. Nf3 e4 5. Nd4 Nf6 6. d3
Bc5 7. Nd2 d5 8. Nxc6 bxc6 9. dxe4 Bg4 10. f3 Be6 11. e5 Nd7 12. Qe2 Qh4+ 13.
g3 Qb4 14. O-O-O a5 15. a4 Qb6 16. e4 O-O 17. f4 Nb8 18. f5 Bc8 19. Qg4 Bd4 20.
Nf3 Bxb2+ 21. Kxb2 Na6 22. Bxa6 Rxa6 23. Qf4 dxe4 24. f6 gxf6 25. exf6 Kh8 26.
Qg5 Rg8 27. Rd8 1-0

[Event "M21"]
[Site "?"]
[Date "2025.08.05"]
[Round "5"]
[White "Rehak, Martin"]
[Black "Koller, Martin"]
[Result "0-1"]
[ECO "A96"]
[WhiteElo "1943"]
[BlackElo "1993"]
[Annotator ",martin-koller@seznam"]
[PlyCount "72"]
[TimeControl "240+2"]

{600MB, Fritz10.ctg} 1. Nf3 f5 2. d4 e6 3. c4 Nf6 4. g3 d6 5. Nc3 Be7 6. Bg2
O-O 7. O-O Ne4 8. Qd3 Nxc3 9. Qxc3 a5 10. Qc2 Nc6 11. b3 e5 12. dxe5 dxe5 13.
Bb2 Bf6 14. Rad1 Qe8 15. e4 Qh5 16. Rfe1 f4 17. Nd2 Nb4 18. Qb1 Be7 19. a3 Nc6
20. Qd3 Bh3 21. Bxh3 Qxh3 22. Qf1 Qh5 23. f3 Bc5+ 24. Kg2 Rf6 25. Qh1 Rh6 26.
h3 fxg3 27. Nf1 Rf8 28. Rd3 Bf2 29. Nxg3 Bxg3 30. Kxg3 Qh4+ 31. Kg2 Rg6+ 32.
Kf1 Rg3 33. Ke2 Rxh3 34. Qg1 Rh2+ 35. Kd1 Rxb2 36. Rd7 Rf7 0-1

[Event "M21"]
[Site "?"]
[Date "2025.08.05"]
[Round "5"]
[White "Staufenberger, Bernd"]
[Black "Svoboda, Daniel"]
[Result "1/2-1/2"]
[ECO "B93"]
[WhiteElo "1927"]
[BlackElo "1945"]
[Annotator ",martin-koller@seznam"]
[PlyCount "77"]
[TimeControl "240+2"]

{600MB, Fritz10.ctg} 1. e4 c5 2. Nf3 d6 3. d4 Nf6 4. Nc3 cxd4 5. Nxd4 a6 6. f4
g6 7. Be2 Bg7 8. Bf3 Nfd7 9. Be3 Nc6 10. a4 O-O 11. Nb3 Nb6 12. Nd2 Na5 13. Ra2
Be6 14. Nd5 Bxd5 15. exd5 Nac4 16. Nxc4 Nxc4 17. Bd4 b5 18. O-O Qc7 19. Bxg7
Kxg7 20. Qd4+ Kg8 21. Be2 Qc5 22. Qxc5 dxc5 23. Rfa1 Rab8 24. axb5 axb5 25. b3
Ne3 26. c4 bxc4 27. bxc4 Rb4 28. Ra7 Re8 29. Rc7 Nxc4 30. Rxc5 Nd2 31. Rd1 Ne4
32. Rc7 Nd6 33. g3 Kf8 34. Bf3 Rb3 35. Bg2 Rb7 36. Rc2 Reb8 37. Kf2 Rb4 38. Re2
R8b7 39. Bf3 1/2-1/2

[Event "M21"]
[Site "?"]
[Date "2025.08.05"]
[Round "5"]
[White "Novak, Jindrich"]
[Black "Vavrinec, Tomas"]
[Result "1/2-1/2"]
[ECO "A46"]
[WhiteElo "2011"]
[BlackElo "1950"]
[Annotator ",martin-koller@seznam"]
[PlyCount "116"]
[TimeControl "240+2"]

{600MB, Fritz10.ctg} 1. d4 e6 2. Nf3 Nf6 3. Bg5 h6 4. Bh4 c5 5. c3 b6 6. Nbd2
Bb7 7. e3 Be7 8. Be2 d6 9. Qa4+ Qd7 10. Qxd7+ Nbxd7 11. O-O g5 12. Bg3 Nh5 13.
Nc4 Nxg3 14. hxg3 g4 15. Nfd2 f5 16. Rfd1 d5 17. Ne5 Nxe5 18. dxe5 Kf7 19. f4
h5 20. Kf2 h4 21. Nf1 h3 22. Nd2 hxg2 23. Rg1 d4 24. exd4 cxd4 25. cxd4 Rhd8
26. Nb3 Rac8 27. Rac1 Bd5 28. Ba6 Rxc1 29. Nxc1 Bb4 30. Nd3 Be7 31. a3 Be4 32.
Ke3 Rh8 33. Ne1 Rh1 34. Kf2 Bh4 35. Rxg2 Rxe1 36. Kxe1 Bxg2 37. gxh4 g3 38. Bc8
Bd5 39. Bd7 Kg6 40. Be8+ Kh6 41. Kf1 Kh7 42. Kg1 Kh6 43. b4 Kh7 44. Bb5 Kh6 45.
Bf1 Kh5 46. Bg2 Bc4 47. Bf3+ Kxh4 48. Kg2 Bb3 49. d5 exd5 50. e6 d4 51. e7 Ba4
52. Be2 Be8 53. Bf3 d3 54. Bd5 d2 55. Bf3 Bf7 56. Be2 Bd5+ 57. Kg1 Bf7 58. Kg2
Bd5+ 1/2-1/2

[Event "K21"]
[Site "?"]
[Date "2025.08.05"]
[Round "5"]
[White "Kostialik, Juraj"]
[Black "Hapke, Ralf"]
[Result "1/2-1/2"]
[ECO "A58"]
[WhiteElo "1618"]
[BlackElo "1820"]
[Annotator ",martin-koller@seznam"]
[PlyCount "30"]
[TimeControl "240+2"]

{600MB, Fritz10.ctg} 1. d4 c5 2. d5 Nf6 3. c4 b5 4. cxb5 a6 5. bxa6 g6 6. Nc3
Bxa6 7. Nf3 Bg7 8. d6 e6 9. Bf4 Qb6 10. Qd2 O-O 11. Rc1 Bb7 12. a3 Nd5 13. Nxd5
Bxd5 14. b4 cxb4 15. Qxb4 Qa7 1/2-1/2

[Event "K21"]
[Site "?"]
[Date "2025.08.05"]
[Round "5"]
[White "Plesnivy, Martin"]
[Black "Nelson, Wayne"]
[Result "1/2-1/2"]
[ECO "B12"]
[WhiteElo "1801"]
[BlackElo "1872"]
[Annotator ",martin-koller@seznam"]
[PlyCount "43"]
[TimeControl "240+2"]

{600MB, Fritz10.ctg} 1. e4 c6 2. d4 d5 3. e5 c5 4. c3 Nc6 5. Nf3 Bg4 6. Be2
Bxf3 7. Bxf3 cxd4 8. cxd4 Qb6 9. Bxd5 Rd8 10. Bxc6+ bxc6 11. Qf3 e6 12. O-O Ne7
13. Bg5 h6 14. Bxe7 Bxe7 15. Rd1 O-O 16. Nc3 Rxd4 17. Rxd4 Qxd4 18. Qxc6 Qxe5
19. Rd1 Bf6 20. g3 Rb8 21. Rb1 Qf5 22. Ne4 1/2-1/2

[Event "K21"]
[Site "?"]
[Date "2025.08.05"]
[Round "5"]
[White "Pavlicek, Petr"]
[Black "Hartmann, Jorg"]
[Result "1/2-1/2"]
[ECO "D30"]
[WhiteElo "1916"]
[BlackElo "1935"]
[Annotator ",martin-koller@seznam"]
[PlyCount "32"]
[TimeControl "240+2"]

{600MB, Fritz10.ctg} 1. d4 d5 2. c4 c6 3. Nf3 Nf6 4. e3 e6 5. Qc2 Bd6 6. b3 Ne4
7. Bd3 f5 8. O-O Nd7 9. Bb2 Qf6 10. Nc3 O-O 11. Rad1 g5 12. g3 h5 13. h4 g4 14.
Bxe4 fxe4 15. Ng5 Qg6 16. Ne2 Nf6 1/2-1/2

[Event "K21"]
[Site "?"]
[Date "2025.08.05"]
[Round "5"]
[White "Smisek, Robin"]
[Black "Gunther, Arthur"]
[Result "0-1"]
[ECO "A85"]
[WhiteElo "1823"]
[BlackElo "1832"]
[Annotator ",martin-koller@seznam"]
[PlyCount "48"]
[TimeControl "240+2"]

{600MB, Fritz10.ctg} 1. d4 f5 2. c4 Nf6 3. Nc3 e6 4. Bf4 Bb4 5. Nf3 O-O 6. e3
b6 7. Be2 Bb7 8. O-O Bxc3 9. bxc3 d6 10. Qb3 Qe7 11. h3 Nbd7 12. Bg5 h6 13.
Bxf6 Rxf6 14. Rfd1 Raf8 15. a4 a5 16. Nd2 g5 17. Kh2 Rg6 18. g3 Rgf6 19. f4 Kh8
20. Rf1 e5 21. fxe5 dxe5 22. Rf2 f4 23. exf4 exf4 24. g4 Qe3 0-1

[Event "K21"]
[Site "?"]
[Date "2025.08.05"]
[Round "5"]
[White "Schunke, Oliver"]
[Black "Langmaier, Michal"]
[Result "1/2-1/2"]
[ECO "B52"]
[WhiteElo "1875"]
[BlackElo "1853"]
[Annotator ",martin-koller@seznam"]
[PlyCount "55"]
[TimeControl "240+2"]

{600MB, Fritz10.ctg} 1. Nc3 c5 2. Nf3 d6 3. e4 Nf6 4. Bb5+ Bd7 5. Bxd7+ Nbxd7
6. d3 g6 7. h3 Bg7 8. Be3 a6 9. a4 b6 10. Qd2 O-O 11. Bh6 b5 12. Bxg7 Kxg7 13.
O-O b4 14. Ne2 Rb8 15. b3 Qc7 16. Rae1 e5 17. Ng3 h6 18. Nh4 Rg8 19. f4 Kh7 20.
fxe5 dxe5 21. Rf2 Qb6 22. Ref1 Qe6 23. Nf3 a5 24. Nh2 Rbf8 25. Re1 Nh5 26. Ne2
f5 27. exf5 gxf5 28. Qe3 1/2-1/2

[Event "M21"]
[Site "?"]
[Date "2025.08.06"]
[Round "6"]
[White "Vavrinec, Tomas"]
[Black "Rehak, Martin"]
[Result "1/2-1/2"]
[ECO "E65"]
[WhiteElo "1950"]
[BlackElo "1943"]
[Annotator ",martin-koller@seznam"]
[PlyCount "20"]
[TimeControl "240+2"]

{600MB, Fritz10.ctg} 1. c4 Nf6 2. Nc3 c5 3. Nf3 g6 4. g3 Bg7 5. Bg2 O-O 6. O-O
Nc6 7. d4 d6 8. dxc5 dxc5 9. Be3 Qa5 10. Qb3 Ng4 1/2-1/2

[Event "M21"]
[Site "?"]
[Date "2025.08.06"]
[Round "6"]
[White "Svoboda, Daniel"]
[Black "Koller, Martin"]
[Result "1/2-1/2"]
[ECO "C41"]
[WhiteElo "1945"]
[BlackElo "1993"]
[Annotator ",martin-koller@seznam"]
[PlyCount "68"]
[TimeControl "240+2"]

{600MB, Fritz10.ctg} 1. e4 d6 2. d4 Nf6 3. Nc3 e5 4. Nf3 Nbd7 5. Bc4 Be7 6. O-O
c6 7. a4 Qc7 8. Re1 h6 9. h3 g5 10. Nh2 Nf8 11. dxe5 dxe5 12. Be3 Ng6 13. Ng4
Bxg4 14. hxg4 Nf4 15. g3 Rg8 16. Bc1 h5 17. gxh5 Qc8 18. Be2 Bc5 19. Bxf4 gxf4
20. Kg2 Ke7 21. Qd3 Rg5 22. Rh1 Ng4 23. Bxg4 Qxg4 24. Qf3 Qe6 25. Rh3 Rag8 26.
h6 Bxf2 27. Qxf2 Rxg3+ 28. Rxg3 Rxg3+ 29. Qxg3 fxg3 30. Rh1 Qf6 31. Nd1 Qf4 32.
h7 Qxe4+ 33. Kg1 Qe1+ 34. Kg2 Qe4+ 1/2-1/2

[Event "M21"]
[Site "?"]
[Date "2025.08.06"]
[Round "6"]
[White "Hanl, Frantisek"]
[Black "Gunther, Andreas"]
[Result "1/2-1/2"]
[ECO "B01"]
[WhiteElo "2136"]
[BlackElo "2087"]
[Annotator ",martin-koller@seznam"]
[PlyCount "102"]
[TimeControl "240+2"]

{600MB, Fritz10.ctg} 1. e4 d5 2. exd5 Qxd5 3. Nc3 Qa5 4. b4 Qxb4 5. Rb1 Qd6 6.
d4 Nf6 7. Nf3 e6 8. Bd3 Be7 9. O-O a6 10. Re1 Nbd7 11. Rb3 Nb6 12. Ne5 O-O 13.
Ne4 Nxe4 14. Rxe4 f5 15. Qh5 Qd8 16. Rg4 Bf6 17. Ba3 Bxe5 18. dxe5 Rf7 19. Rh4
g6 20. Qh6 Bd7 21. g4 Ba4 22. gxf5 Bxb3 23. fxg6 Rg7 24. axb3 Qxd3 25. cxd3
Rxg6+ 26. Qxg6+ hxg6 27. Kg2 Rd8 28. d4 Nd5 29. Kf3 Rd7 30. Rg4 Rf7+ 31. Kg3
Kg7 32. h4 Rf5 33. Bc1 Kf7 34. Bg5 Kg7 35. Re4 Rf8 36. Re1 Rf7 37. f3 Rd7 38.
Rh1 Kf8 39. Kg4 Nb4 40. Bf6 Rh7 41. Bg5 Kf7 42. Bd2 Nd5 43. Rb1 Rh8 44. Rc1 Rh5
45. Ba5 c6 46. Bd2 Ne7 47. Bg5 Nd5 48. Rh1 Ke8 49. Rg1 Rh7 50. Rh1 Kd7 51. Rg1
Ke8 1/2-1/2

[Event "M21"]
[Site "?"]
[Date "2025.08.06"]
[Round "6"]
[White "Staufenberger, Bernd"]
[Black "Houska, Jiri"]
[Result "0-1"]
[ECO "B70"]
[WhiteElo "1927"]
[BlackElo "2151"]
[Annotator ",martin-koller@seznam"]
[PlyCount "116"]
[TimeControl "240+2"]

{600MB, Fritz10.ctg} 1. e4 c5 2. Nf3 d6 3. d4 cxd4 4. Nxd4 Nf6 5. Nc3 g6 6. g3
Nc6 7. Nde2 Bg7 8. Bg2 O-O 9. h3 Rb8 10. a4 a6 11. O-O b5 12. axb5 axb5 13. Re1
b4 14. Nd5 Nd7 15. c4 bxc3 16. bxc3 Nc5 17. Bg5 h6 18. Be3 e6 19. Ndf4 Ne5 20.
Rb1 Ba6 21. Rxb8 Qxb8 22. Qb1 Qxb1 23. Rxb1 g5 24. Rb6 gxf4 25. Nxf4 Nc4 26.
Bxc5 Nxb6 27. Bxb6 Bxc3 28. Be3 Rb8 29. g4 Rb4 30. Kh2 Bd4 31. Bxd4 Rxd4 32.
Nh5 Kf8 33. Nf6 Kg7 34. Nh5+ Kg6 35. f4 f6 36. f5+ Kf7 37. Kg3 e5 38. Kf2 Rd2+
39. Kg1 Bb7 40. Ng3 Ke7 41. Nf1 Rd4 42. Ng3 Rd2 43. Bf3 Ra2 44. Nf1 Bc6 45. Ne3
Ra4 46. Nd5+ Bxd5 47. exd5 Rf4 48. Kg2 Kd7 49. Kg3 Kc7 50. Be2 Re4 51. Bf3 Re3
52. Kf2 Ra3 53. h4 Kb6 54. Ke2 Kc5 55. g5 fxg5 56. hxg5 hxg5 57. f6 Ra8 58. Bh5
Rf8 0-1

[Event "M21"]
[Site "?"]
[Date "2025.08.06"]
[Round "6"]
[White "Thomasson, Staffan"]
[Black "Novak, Jindrich"]
[Result "0-1"]
[ECO "B38"]
[WhiteElo "1877"]
[BlackElo "2011"]
[Annotator ",martin-koller@seznam"]
[PlyCount "136"]
[TimeControl "240+2"]

{600MB, Fritz10.ctg} 1. c4 c5 2. Nf3 Nf6 3. d4 cxd4 4. Nxd4 Nc6 5. Nc3 g6 6. e4
Bg7 7. Be3 O-O 8. Be2 Nxd4 9. Bxd4 d6 10. O-O Bd7 11. Rc1 Ne8 12. Bxg7 Nxg7 13.
Qb3 Bc6 14. Rfd1 Qa5 15. Nd5 Rfe8 16. Qc3 Qxc3 17. Rxc3 Rac8 18. b4 Bxd5 19.
exd5 b6 20. Rdc1 Red8 21. Bf3 Ne8 22. c5 dxc5 23. bxc5 bxc5 24. Rxc5 Nd6 25.
Kf1 Rxc5 26. Rxc5 Rc8 27. Rc6 Kf8 28. Rxc8+ Nxc8 29. Ke2 Ke8 30. Kd3 Nd6 31.
Kd4 Kd7 32. g4 g5 33. Bd1 Nb7 34. Kc4 Kc7 35. Kb5 Nd6+ 36. Ka6 Kb8 37. Bc2 h6
38. f3 Nc4 39. Bb3 Nd2 40. Bd1 Nf1 41. h3 Ne3 42. Bb3 f6 43. Kb5 Kb7 44. Kc5
Kc7 45. Kb5 Ng2 46. Kc5 Nf4 47. Kd4 Nxh3 48. Ke4 Kd6 49. Kd4 Nf4 50. Ke4 h5 51.
gxh5 Nxh5 52. Bc4 Ng3+ 53. Ke3 Nf5+ 54. Ke4 Nh4 55. Ke3 Ke5 56. Bb3 Ng6 57. Kd3
Nf4+ 58. Kc4 Nxd5 59. Kc5 e6 60. Kc6 Nb4+ 61. Kb7 Nxa2 62. Bxa2 Kf4 63. Bxe6
Kxf3 64. Kxa7 g4 65. Kb6 g3 66. Kc5 Ke3 67. Bh3 f5 68. Kd5 f4 0-1

[Event "K21"]
[Site "?"]
[Date "2025.08.06"]
[Round "6"]
[White "Gunther, Arthur"]
[Black "Schunke, Oliver"]
[Result "1/2-1/2"]
[ECO "D05"]
[WhiteElo "1832"]
[BlackElo "1875"]
[Annotator ",martin-koller@seznam"]
[PlyCount "36"]
[TimeControl "240+2"]

{600MB, Fritz10.ctg} 1. d4 d5 2. Nf3 e6 3. e3 c5 4. b3 Nf6 5. Bd3 Bd6 6. O-O
Nc6 7. Bb2 cxd4 8. exd4 O-O 9. Nbd2 Bd7 10. c4 Rc8 11. c5 Bb8 12. a3 a5 13. Bc3
Qc7 14. b4 axb4 15. axb4 Qf4 16. b5 Ne7 17. Re1 Ng6 18. h3 Kh8 1/2-1/2

[Event "K21"]
[Site "?"]
[Date "2025.08.06"]
[Round "6"]
[White "Hapke, Ralf"]
[Black "Langmaier, Michal"]
[Result "1/2-1/2"]
[ECO "C00"]
[WhiteElo "1820"]
[BlackElo "1853"]
[Annotator ",martin-koller@seznam"]
[PlyCount "43"]
[TimeControl "240+2"]

{600MB, Fritz10.ctg} 1. c4 e6 2. e4 d5 3. cxd5 exd5 4. exd5 Qxd5 5. Nc3 Qd8 6.
Nf3 Nf6 7. Bc4 Qe7+ 8. Be2 Be6 9. O-O Qd8 10. Re1 Be7 11. Ng5 Bd5 12. Nxd5 Nxd5
13. Bc4 O-O 14. Qb3 Bxg5 15. Bxd5 Nd7 16. d4 Bxc1 17. Raxc1 c6 18. Bf3 Nb6 19.
d5 cxd5 20. Rcd1 Qf6 21. Bxd5 Nxd5 22. Rxd5 1/2-1/2

[Event "K21"]
[Site "?"]
[Date "2025.08.06"]
[Round "6"]
[White "Kostialik, Juraj"]
[Black "Pavlicek, Petr"]
[Result "0-1"]
[ECO "D85"]
[WhiteElo "1618"]
[BlackElo "1916"]
[Annotator ",martin-koller@seznam"]
[PlyCount "56"]
[TimeControl "240+2"]

{600MB, Fritz10.ctg} 1. d4 Nf6 2. c4 g6 3. Nc3 d5 4. cxd5 Nxd5 5. e4 Nxc3 6.
bxc3 Bg7 7. h3 O-O 8. Bc4 c5 9. Nf3 Nc6 10. Bb2 Qa5 11. O-O Rd8 12. Qb3 Rf8 13.
Rad1 Qc7 14. Rd2 Qf4 15. Bd5 Bxh3 16. gxh3 Qxf3 17. Qxb7 Qxh3 18. Rfd1 Bh6 19.
Rd3 Qg4+ 20. Kf1 Rab8 21. Qxc6 Rxb2 22. Re1 Bd2 23. Ra1 Bxc3 24. Re3 Bxd4 25.
Bxf7+ Rxf7 26. Qa8+ Kg7 27. Qd5 Rfxf2+ 28. Ke1 Qg1# 0-1

[Event "K21"]
[Site "?"]
[Date "2025.08.06"]
[Round "6"]
[White "Hartmann, Jorg"]
[Black "Plesnivy, Martin"]
[Result "1-0"]
[ECO "B72"]
[WhiteElo "1935"]
[BlackElo "1801"]
[Annotator ",martin-koller@seznam"]
[PlyCount "57"]
[TimeControl "240+2"]

{600MB, Fritz10.ctg} 1. e4 c5 2. Nf3 d6 3. d4 cxd4 4. Nxd4 g6 5. Nc3 Bg7 6. Be3
Nf6 7. Qd2 O-O 8. Bc4 Ng4 9. Bg5 Nc6 10. Nxc6 bxc6 11. f3 Ne5 12. Bb3 c5 13.
Nd5 Nc6 14. Ba4 Rb8 15. Bxc6 f6 16. Be3 e6 17. Nf4 Rxb2 18. Rd1 Rxa2 19. Bxc5
Qc7 20. Qxd6 Qa5+ 21. Bb4 Qg5 22. Qd2 Qe5 23. Bxf8 Bxf8 24. Nd3 Qh5 25. O-O Ba6
26. Bd7 Kf7 27. Bxe6+ Kg7 28. Bxa2 Bd6 29. g3 1-0

[Event "K21"]
[Site "?"]
[Date "2025.08.06"]
[Round "6"]
[White "Nelson, Wayne"]
[Black "Smisek, Robin"]
[Result "1/2-1/2"]
[ECO "D10"]
[WhiteElo "1872"]
[BlackElo "1823"]
[Annotator ",martin-koller@seznam"]
[PlyCount "57"]
[TimeControl "240+2"]

{600MB, Fritz10.ctg} 1. d4 d5 2. Bf4 c5 3. c3 cxd4 4. cxd4 Nc6 5. Nc3 Bf5 6.
Nf3 e6 7. e3 Bd6 8. Bg3 Bxg3 9. hxg3 h6 10. Bd3 Nge7 11. O-O Bxd3 12. Qxd3 Ng6
13. Rac1 O-O 14. Na4 Rc8 15. Qb5 Qe7 16. Nc5 b6 17. Nb3 Qb4 18. Qd3 Qd6 19. a3
Rc7 20. Rc2 Rfc8 21. Rfc1 Kf8 22. Qb5 Nce7 23. Qd3 Nc6 24. Nh4 Nxh4 25. gxh4
Ne7 26. Nd2 Rxc2 27. Rxc2 Rxc2 28. Qxc2 Qc6 29. Qxc6 1/2-1/2

[Event "M21"]
[Site "?"]
[Date "2025.08.07"]
[Round "7"]
[White "Koller, Martin"]
[Black "Vavrinec, Tomas"]
[Result "1-0"]
[ECO "A43"]
[WhiteElo "1993"]
[BlackElo "1950"]
[Annotator ",martin-koller@seznam"]
[PlyCount "83"]
[TimeControl "240+2"]

{600MB, Fritz10.ctg} 1. d4 Nf6 2. Nc3 c5 3. d5 e6 4. e4 d6 5. Nf3 exd5 6. exd5
Be7 7. Be2 O-O 8. O-O Bg4 9. Nd2 Bxe2 10. Qxe2 Na6 11. Rd1 Re8 12. a3 Nc7 13.
Qd3 Rb8 14. Nde4 b5 15. b4 c4 16. Qf3 Nd7 17. Bf4 Nf8 18. Qg3 Bh4 19. Qg4 Be7
20. h3 Ng6 21. Bg3 Rf8 22. Qf5 Ne8 23. a4 bxa4 24. Rxa4 Rb7 25. b5 Qc7 26. Ra6
Rb6 27. Rda1 Rxa6 28. Rxa6 Ne5 29. Bxe5 dxe5 30. Rc6 Qb8 31. Qd7 Qd8 32. Qxd8
Bxd8 33. d6 f5 34. Nc5 Nf6 35. Nb7 Bb6 36. Na4 Rb8 37. Nbc5 Kf7 38. Nxb6 axb6
39. Rc7+ Kg6 40. Ne6 Ne8 41. Rc6 Nf6 42. d7 1-0

[Event "M21"]
[Site "?"]
[Date "2025.08.07"]
[Round "7"]
[White "Gunther, Andreas"]
[Black "Staufenberger, Bernd"]
[Result "1/2-1/2"]
[ECO "A01"]
[WhiteElo "2087"]
[BlackElo "1927"]
[Annotator ",martin-koller@seznam"]
[PlyCount "61"]
[TimeControl "240+2"]

{600MB, Fritz10.ctg} 1. b3 g6 2. Bb2 Nf6 3. e4 d6 4. g3 Bg7 5. Bg2 c5 6. Ne2
Nc6 7. O-O O-O 8. d4 cxd4 9. Nxd4 Bd7 10. c4 Qb6 11. Nxc6 Bxc6 12. Bd4 Qa5 13.
Re1 Nd7 14. Bxg7 Kxg7 15. Nd2 Qc5 16. Nf3 Rad8 17. Qd2 a5 18. Rac1 Qb6 19. h4
h5 20. Ng5 Nc5 21. Re2 Qb4 22. Qb2+ f6 23. Re3 e5 24. Nh3 Ne6 25. Kh2 Nd4 26.
Ng1 Qb6 27. Ne2 Ne6 28. Qc3 Qc7 29. Bh3 Nc5 30. f3 Kh7 31. Qc2 1/2-1/2

[Event "M21"]
[Site "?"]
[Date "2025.08.07"]
[Round "7"]
[White "Houska, Jiri"]
[Black "Svoboda, Daniel"]
[Result "1/2-1/2"]
[ECO "D41"]
[WhiteElo "2151"]
[BlackElo "1945"]
[Annotator ",martin-koller@seznam"]
[PlyCount "31"]
[TimeControl "240+2"]

{600MB, Fritz10.ctg} 1. d4 Nf6 2. Nf3 e6 3. c4 d5 4. Nc3 c5 5. cxd5 Nxd5 6. e4
Nxc3 7. bxc3 cxd4 8. cxd4 Bb4+ 9. Bd2 Bxd2+ 10. Qxd2 O-O 11. Bc4 Nd7 12. O-O b6
13. Rad1 Bb7 14. d5 exd5 15. Bxd5 Nc5 16. Bxb7 1/2-1/2

[Event "M21"]
[Site "?"]
[Date "2025.08.07"]
[Round "7"]
[White "Novak, Jindrich"]
[Black "Hanl, Frantisek"]
[Result "1-0"]
[ECO "A48"]
[WhiteElo "2011"]
[BlackElo "2136"]
[Annotator ",martin-koller@seznam"]
[PlyCount "48"]
[TimeControl "240+2"]

{600MB, Fritz10.ctg} 1. d4 Nf6 2. Nf3 g6 3. Bg5 Bg7 4. Nbd2 O-O 5. e3 b6 6. Be2
Bb7 7. O-O d6 8. a4 a5 9. Nc4 Ne4 10. Bh4 Nd7 11. Ncd2 Ndf6 12. Nxe4 Nxe4 13.
Nd2 f5 14. Nxe4 fxe4 15. Bc4+ d5 16. Be2 Qd7 17. Bg4 e6 18. Bg3 Ba6 19. Be2
Bxe2 20. Qxe2 c5 21. c3 c4 22. Qc2 Rfc8 23. f3 exf3 24. gxf3 Rf8 neèitelné 1-0

[Event "K21"]
[Site "?"]
[Date "2025.08.07"]
[Round "7"]
[White "Pavlicek, Petr"]
[Black "Hapke, Ralf"]
[Result "1/2-1/2"]
[ECO "B28"]
[WhiteElo "1916"]
[BlackElo "1820"]
[Annotator ",martin-koller@seznam"]
[PlyCount "24"]
[TimeControl "240+2"]

{600MB, Fritz10.ctg} 1. Nf3 c5 2. e4 a6 3. d4 cxd4 4. Nxd4 Nf6 5. Nc3 e5 6.
Nde2 Bb4 7. a3 Bc5 8. Ng3 Nc6 9. Bd3 d6 10. O-O Ng4 11. Nh1 Qh4 12. h3 h5
1/2-1/2

[Event "K21"]
[Site "?"]
[Date "2025.08.07"]
[Round "7"]
[White "Plesnivy, Martin"]
[Black "Kostialik, Juraj"]
[Result "1-0"]
[ECO "B12"]
[WhiteElo "1801"]
[BlackElo "1618"]
[Annotator ",martin-koller@seznam"]
[PlyCount "75"]
[TimeControl "240+2"]

{600MB, Fritz10.ctg} 1. e4 c6 2. d4 d5 3. e5 Bf5 4. Nf3 e6 5. Bd3 Bxd3 6. Qxd3
Ne7 7. Bd2 Nf5 8. Nc3 Be7 9. O-O-O O-O 10. g4 Nh4 11. Nxh4 Bxh4 12. f4 h6 13.
Rhg1 f6 14. exf6 Rxf6 15. g5 hxg5 16. fxg5 Rf5 17. g6 Qf6 18. Rdf1 Nd7 19. Qh3
Rf8 20. Rxf5 exf5 21. Qf3 Re8 22. Be3 Nf8 23. Nd1 Nxg6 24. Qh5 Re6 25. Rxg6
Qxg6 26. Qxh4 Re4 27. Qd8+ Re8 28. Qc7 Qf7 29. Qf4 Qh5 30. Nc3 Qh3 31. Kd2 Qg2+
32. Ne2 Qh3 33. Kd3 Kh7 34. Ng1 Qh5 35. Nf3 Kg8 36. Ng5 Qd1+ 37. Bd2 Qg1 38.
Qxf5 1-0

[Event "K21"]
[Site "?"]
[Date "2025.08.07"]
[Round "7"]
[White "Langmaier, Michal"]
[Black "Gunther, Arthur"]
[Result "1-0"]
[ECO "A80"]
[WhiteElo "1853"]
[BlackElo "1832"]
[Annotator ",martin-koller@seznam"]
[PlyCount "89"]
[TimeControl "240+2"]

{600MB, Fritz10.ctg} 1. d4 f5 2. Nc3 Nf6 3. Bg5 e6 4. e4 h6 5. Bxf6 Qxf6 6. Nb5
Na6 7. e5 Qf7 8. g3 d5 9. Bg2 Bd7 10. Nc3 Be7 11. Nge2 c5 12. Nf4 O-O 13. Ncxd5
cxd4 14. Nxe7+ Qxe7 15. Qxd4 Qb4+ 16. Qxb4 Nxb4 17. O-O g5 18. Rfd1 Rfd8 19.
Nh5 Bc6 20. Nf6+ Kf8 21. c3 Nd3 22. Bxc6 bxc6 23. f4 gxf4 24. gxf4 Nxf4 25.
Nd7+ Ke7 26. Nc5 Rg8+ 27. Kf1 Rad8 28. Nb3 Rd5 29. Rxd5 cxd5 30. Rd1 Rg2 31.
Rd4 Rg4 32. Ra4 Nd3 33. Rxa7+ Ke8 34. Ra6 Rg6 35. Nd4 Kd7 36. Rd6+ Ke8 37.
Rxe6+ Rxe6 38. Nxe6 Kd7 39. Nd4 f4 40. e6+ Kd6 41. b4 Nc1 42. Ke1 Nxa2 43. Kd2
f3 44. Nxf3 Kxe6 45. Kc2 1-0